 Dungeon Crawl Stone Soup version 0.21.1-1-g345015fe64 (webtiles) character file.

164 Mrkan the Shooter (level 5, -5/45 HPs)
             Began as a Centaur Hunter on May 11, 2018.
             Slain by an ogre
             ... wielding a +0 giant club
              (17 damage)
             ... on level 4 of the Dungeon.
             The game lasted 00:11:29 (2785 turns).

Mrkan the Shooter (Centaur Hunter)                  Turns: 2785, Time: 00:11:30

Health: -5/45      AC:  8    Str: 15    XL:     5   Next: 21%
Magic:  5/5        EV: 10    Int: 10    God:
Gold:   197        SH:  0    Dex: 10    Spells: 4/4 levels left

rFire    . . .     SeeInvis .   a - +2 shortbow
rCold    . . .     Gourm    .   (shield currently unavailable)
rNeg     . . .     Faith    .   c - +1 leather armour
rPois    +         Spirit   .   (no helmet)
rElec    .         Reflect  .   (no cloak)
rCorr    .         Harm     .   t - +2 pair of gloves
MR       .....                  (no barding)
Stlth    +.........             (no amulet)
HPRegen  0.15/turn              l - ring of poison resistance
MPRegen  0.09/turn              (no ring)

@: very quick
A: large, hooves 3, deformed body, speed 2, tough skin 3
a: no special abilities


You were on level 4 of the Dungeon.
You were not hungry.

You visited 1 branch of the dungeon, and saw 4 of its levels.

You collected 197 gold pieces.

Inventory:

Hand Weapons
 a - a +2 shortbow (weapon)
 b - a +0 short sword
Missiles
 d - 26 arrows (quivered)
Armour
 c - a +1 leather armour (worn)
 t - a +2 pair of gloves (worn)
Jewellery
 l - a ring of poison resistance (left hand)
 n - an uncursed ring of stealth
Scrolls
 e - 4 scrolls of identify
 i - a scroll of remove curse
 m - 3 scrolls of teleportation
 v - a scroll of enchant weapon
Potions
 g - a potion of might {unknown}
 h - 2 potions of degeneration {unknown}
 j - 2 potions of curing {unknown}
 k - a potion of agility {unknown}
 q - a potion of heal wounds {unknown}
 u - a potion of lignification {unknown}
 x - a potion of berserk rage {unknown}
Books
 o - Jessica's Disquisition on Good Luck
   (You found it on level 2 of the Dungeon)

   Spells                             Type                      Level
   a - Shroud of Golubria             Charms/Translocation         2
Comestibles
 f - 10 rations
 s - 6 chunks of flesh


   Skills:
 + Level 3.2 Fighting
 * Level 6.4 Bows
 - Level 2.2 Dodging
 - Level 1.5 Stealth


You had 4 spell levels left.
You didn't know any spells.

Dungeon Overview and Level Annotations

Branches:
Dungeon (4/15)
 Temple: D:4-7

Altars:


Innate Abilities, Weirdness & Mutations

You have hooves in place of feet.
Armour fits poorly on your strangely shaped body.
You cover ground very quickly.
You have extremely tough skin. (AC +3)


Message History

The jackal bites you but does no damage.
You clumsily bash the jackal but do no damage.
The hound bites you but does no damage. The jackal barely misses you.
The hound barely misses you.
The jackal bites you but does no damage.
The ogre barely misses you.
You clumsily bash the jackal but do no damage.
You kick the jackal.
The jackal is moderately wounded.
The hound bites you.
* * * LOW HITPOINT WARNING * * *
The jackal closely misses you. The hound closely misses you.
The ogre completely misses you. The jackal barely misses you.
The jackal bites you but does no damage.
You barely miss the jackal. You kick the jackal, but do no damage.
The jackal is moderately wounded.
The hound barely misses you. The jackal completely misses you.
The jackal misses you. The hound closely misses you.
The ogre hits you with a giant club!
You die...

#............## #....
............... ....
#.............. ...#
##................. ...
................... ..
...# #....[....... .
#..# #...hh...... # #..#
#..@....... ##### #..#
#.Oh......$ ..(.###..##
##.........#
...>......###.....#####.
####.............##
#.............#
#.............##
.###......#.......#
#.........####....#


You could see an ogre, a hound and 2 jackals.

Vanquished Creatures
  A hound (D:4)
  Jessica (D:2)
  2 adders
  An ooze (D:1)
  3 worms
  3 dart slugs
  2 leopard geckos
  An orc (D:3)
  8 bats
  A giant cockroach (D:2)
  10 goblins
  4 hobgoblins
  11 jackals
  7 kobolds
  3 quokkas (D:2)
  A ball python (D:3)
  2 frilled lizards
  6 rats
67 creatures vanquished.

Notes
Turn   | Place    | Note
-------+----------+-------------------------------------------
     0 | D:1      | Mrkan the Centaur Hunter began the quest for the Orb.
     0 | D:1      | Reached XP level 1. HP: 17/17 MP: 1/1
   347 | D:1      | Reached XP level 2. HP: 24/24 MP: 2/2
   554 | D:1      | Reached skill level 1 in Stealth
   841 | D:2      | Reached XP level 3. HP: 26/30 MP: 3/3
  1302 | D:2      | Noticed Jessica
  1312 | D:2      | Killed Jessica
  1312 | D:2      | Reached skill level 6 in Bows
  1312 | D:2      | Reached XP level 4. HP: 26/37 MP: 4/4
  1327 | D:2      | Identified Jessica's Disquisition on Good Luck
  2750 | D:4      | Noticed an ogre
  2762 | D:4      | Reached XP level 5. HP: 39/45 MP: 5/5
  2785 | D:4      | Slain by an ogre

Skill      XL: |  1  2  3  4 |
---------------+-------------+-----
Stealth        | 1 |  1.5
Dodging        | 2 |  2.2
Bows           | 6 |  6.4
Fighting       | 3 |  3.2

Action                   |  1- 3 |  4- 6 || total
-------------------------+-------+-------++-------
Melee: Shortbow          |    16 |    65 ||    81
       Kick              |     7 |    16 ||    23
 Fire: Shortbow          |    98 |    93 ||   191
  Use: Scroll            |       |    10 ||    10
  Eat: Chunk             |       |     4 ||     4
Armor: Leather armour    |    21 |    63 ||    84
Dodge: Dodged            |    29 |    90 ||   119
